 Dungeon Crawl Stone Soup version 0.19.5 (webtiles) character file.

16090 Patchouli the Summoner (level 12, -10/69 HPs)
             Began as a Tengu Summoner on Mar 16, 2017.
             Was a High Priest of Sif Muna.
             Killed from afar by a deep elf knight (42 damage)
             ... with a stone arrow
             ... on level 1 of the Elven Halls.
             The game lasted 01:45:56 (8039 turns).

Patchouli the Summoner (Tengu Summoner)             Turns: 8039, Time: 01:45:56

Health: -10/69     AC:  7    Str:  9    XL:     12   Next: 33%
Magic:  18/32      EV: 16    Int: 21    God:    Sif Muna [*****.]
Gold:   892        SH:  0    Dex: 14    Spells: 7 memorised, 7 levels left

rFire  . . .     SeeInvis +     a - +3 glaive (flame)
rCold  . . .     Gourm    .     m - +0 troll leather armour
rNeg   . . .     Faith    .     (shield currently unavailable)
rPois  .         Spirit   .     (helmet restricted)
rElec  .         Reflect  .     L - +0 cloak
rCorr  .         Harm     .     h - +0 pair of gloves
MR     .....                    (boots unavailable)
Stlth  ++........               u - amulet of magic regeneration
                                C - ring of magical power
                                p - ring of see invisible

@: no status effects
A: beak, talons 3, blink, wild magic 1, able to fly 1, sturdy frame 1
a: Fly, Blink, Divine Energy, Channel Magic, Forget Spell, Renounce Religion


You were on level 1 of the Elven Halls.
You worshipped Sif Muna.
Sif Muna was extremely pleased with you.
You were hungry.

You visited 4 branches of the dungeon, and saw 14 of its levels.

You collected 1350 gold pieces.
You spent 458 gold pieces at shops.

Inventory:

Hand Weapons
 a - a +3 glaive of flaming (weapon)
 b - a +2 arbalest of freezing
 i - a +2 dagger of draining
 l - the +3 hand axe "Mikhlioze" {freeze, Int-5 Dex+6 SInv}
   (You found it on level 5 of the Dungeon)

   It has been specially enchanted to freeze those struck by it, causing extra
   injury to most foes and up to half again as much damage against particularly
   susceptible opponents.
   It can also slow down cold-blooded creatures.
   It affects your intelligence (-5).
   It affects your dexterity (+6).
   It lets you see invisible.
 v - a +4 vampiric demon trident
Missiles
 f - 30 bolts
 o - 4 needles of sleeping
Armour
 h - a +0 pair of gloves (worn)
 k - a +0 scale mail of fire resistance
 m - a +0 troll leather armour (worn)
 n - a +2 robe of the Archmagi
 t - a +1 robe of resistance
 y - a +0 leather armour of cold resistance
 E - a +3 leather armour of positive energy
 F - a +0 shield of reflection
 H - the +0 chain mail "Picw" {rPois rC+ Regen+}
   (You found it on level 7 of the Dungeon)

   It protects you from cold.
   It protects you from poison.
   It increases your rate of regeneration.
 L - a +0 cloak (worn)
Jewellery
 p - a ring of see invisible (left hand)
 q - an uncursed ring of magical power
 u - an amulet of magic regeneration (around neck)
 C - a ring of magical power (right hand)
 D - an uncursed ring of poison resistance
Wands
 e - a wand of paralysis (0/24)
 w - a wand of slowing (14/48)
 G - a wand of iceblast (7/15)
Scrolls
 d - a scroll of magic mapping
 j - 4 scrolls of remove curse
 r - 10 scrolls of identify
 s - 3 scrolls of teleportation
 U - a scroll of recharging
Potions
 x - a potion of curing
 z - 2 potions of invisibility
 I - a potion of brilliance
Books
 g - Sif Muna's Papyrus of Attacks and Enchantment
   (Sif Muna gifted it to you on level 2 of the Orcish Mines)

   Spells                             Type                      Level
   a - Flame Tongue                   Conjuration/Fire             1
   b - Cause Fear                     Hexes                        4
   c - Bolt of Magma                  Conjuration/Fire/Earth       5
   d - Irradiate                      Conjuration/Transmutation    5
   e - Orb of Destruction             Conjuration                  7
 A - a book of Callings

   Spells                             Type                      Level
   a - Summon Small Mammal            Summoning                    1
   b - Call Imp                       Summoning                    2
   c - Call Canine Familiar           Summoning                    3
   d - Summon Guardian Golem          Hexes/Summoning              3
   e - Summon Lightning Spire         Summoning/Air                4
   f - Summon Ice Beast               Ice/Summoning                4
Comestibles
 c - 4 bread rations
 B - 2 meat rations


   Skills:
 + Level 5.8 Fighting
 - Level 3.1(4.5) Axes
 + Level 4.9(5.4) Polearms
 - Level 3.2 Crossbows
 - Level 3.4 Throwing
 + Level 7.0 Armour
 + Level 6.9 Dodging
 - Level 2.0 Stealth
 * Level 7.3 Spellcasting
 + Level 2.7 Conjurations
 + Level 3.4 Hexes
 * Level 10.1 Summonings
 - Level 3.2 Ice Magic
 - Level 6.1 Air Magic
 + Level 4.2 Invocations
 + Level 4.6 Evocations


You had 7 spell levels left.
You knew the following spells:

 Your Spells              Type           Power        Failure   Level  Hunger
a - Summon Small Mammal   Summ           ####         1%          1    None
b - Summon Ice Beast      Ice/Summ       #####...     14%         4    ###....
c - Call Canine Familiar  Summ           ######..     1%          3    None
d - Flame Tongue          Conj/Fire      ###..        10%         1    None
g - Summon Guardian Gole  Hex/Summ       #####...     2%          3    None
i - Call Imp              Summ           ######..     1%          2    None
s - Summon Lightning Spi  Summ/Air       ######..     8%          4    ###....


Dungeon Overview and Level Annotations

Branches:
Dungeon (9/15)             Temple (1/1) D:6             Orc (2/2) D:9
    Elf (2/3) Orc:2
   Lair: D:8-11

Altars:
Ashenzari
Cheibriados
Dithmenos
Elyvilon
Gozag
Hepliaklqana
Kikubaaqudgha
Makhleb
Nemelex Xobeh
Okawaru
Qazlal
Ru
Sif Muna
Trog
Uskayaw
Vehumet
Xom
Yredelemnul
Zin
The Shining One
Beogh

Shops:
D:5 *   D:7 [   D:8 }?   D:9 (   Orc:2 [!=%   Elf:1 }==

Annotations:
D:2 Robin


Innate Abilities, Weirdness & Mutations

You have a beak for a mouth.
You have claws for feet.
You can fly.
You can translocate small distances at will.
Your spells are a little harder to cast, but a little more powerful.
Your movements are slightly less encumbered by armour. (ER -2)


Message History

Your ice beast barely misses the battleaxe of flaming.
The deep elf knight shoots an arrow.
The arrow hits you.
Your warg closely misses the battleaxe of flaming.
The battleaxe of flaming hits you but does no damage.
The battleaxe of flaming hits your warg!
The battleaxe of flaming burns your warg.
Your warg dies!
Your warg's corpse disappears in a puff of smoke!
The battleaxe of flaming hits your ice beast.
The battleaxe of flaming melts your ice beast.
Your ice beast completely misses the battleaxe of flaming.
You see here an arrow.
You fail to use your ability.
Your ice beast hits the battleaxe of flaming but does no damage.
You blink.
You are feeling hungry.
The deep elf knight casts a spell at you.
The stone arrow hits you!
Ouch! That really hurt!
You die...

#####.>#+##..#######+#..#.(#.
.........................#..#.
.....(...................#..#.
##
+###########'#############..#.
.. ..
.......................#. .. .
.......................#. ##
#####+###############..##
.........§(Y.......#....
....$...@...§.......#....
...........#8.......#..##
...........§.......#..'.
....#.####e####.#..'..#. ##
###...#..§e§..#...##..## ..
..###.#.e.#.###....... .. ..
.. ...$. ..#....... ## #. #.
..#'#.. .#.###### .. # ..# #..
#.......


You could see a deep elf annihilator, a deep elf knight, a battleaxe of flaming,
a friendly ice beast and a friendly lightning spire.

Vanquished Creatures
  2 orc high priests (Orc:2)
  A deep elf mage (Elf:1)
  An orc knight (Orc:2)
  A yak (D:9)
  4 orc warriors
  A sky beast (D:6)
  An ogre (Orc:2)
  A gnoll sergeant (D:5)
  A scorpion (D:5)
  A crimson imp (D:6)
  2 bullfrog zombies (D:5)
  2 gnoll shamans (D:5)
  An orc wizard (Orc:1)
  An orc priest (Orc:2)
  A bullfrog skeleton (D:5)
  An iguana (D:9)
  35 gnolls (D:5)
  An adder (D:5)
  An ooze (D:5)
  A worm (D:5)
  12 orcs
  2 ball pythons
  3 bats
  2 giant cockroaches
  2 goblins (D:2)
  15 jackals
  2 kobolds (D:1)
  A frilled lizard (D:1)
  A rat (D:2)
100 creatures vanquished.

Vanquished Creatures (collateral kills)
  Saint Roka (Orc:2)
  Donald (Elf:1)
  2 dancing weapons
  3 orc high priests
  A deep elf knight (Elf:1)
  2 deep elf archers (Elf:1)
  3 orc knights
  7 deep elf magi (Elf:1)
  7 orc sorcerers
  An oklob plant (Orc:1)
  A cyclops (Orc:2)
  2 trolls (Orc:2)
  3 two-headed ogres
  2 yaks (D:9)
  A fire elemental (Elf:2)
  A warg (Orc:2)
  Edmund (D:6)
  2 water moccasins (D:8)
  2 sky beasts
  37 orc warriors
  17 ogres
  A centaur (D:8)
  A crocodile (D:8)
  4 bullfrogs
  A wyvern skeleton (D:9)
  3 killer bees (D:8)
  A howler monkey (D:8)
  A bullfrog zombie (D:6)
  A crimson imp (D:8)
  A gnoll shaman (Orc:2)
  22 orc priests
  A jelly (D:8)
  7 orc wizards
  Ijyb (D:3)
  3 worker ants
  9 gnolls
  2 shadow imps (D:6)
  An ooze (D:6)
  An adder zombie (D:6)
  2 worms
  A leopard gecko (D:4)
  68 orcs
  A ball python (D:3)
  3 bats
  12 goblins
  4 hobgoblins
  11 jackals
  A frilled lizard (D:4)
  2 kobolds
  4 rats
267 creatures vanquished.

Vanquished Creatures (others)
  An orc knight (Orc:2)
  2 deep elf magi (Elf:1)
  3 orc warriors
6 creatures vanquished.

Grand Total: 373 creatures vanquished

Notes
Turn   | Place    | Note
-------+----------+-------------------------------------------
     0 | D:1      | Patchouli the Tengu Summoner began the quest for the Orb.
     0 | D:1      | Reached XP level 1. HP: 10/10 MP: 4/4
   134 | D:1      | Reached skill level 5 in Summonings
   153 | D:2      | Reached XP level 2. HP: 13/16 MP: 1/6
   161 | D:1      | Learned a level 2 spell: Call Imp
   217 | D:2      | Noticed Robin
   300 | D:1      | Reached skill level 1 in Fighting
   485 | D:2      | Reached XP level 3. HP: 18/20 MP: 1/7
   611 | D:1      | Learned a level 3 spell: Call Canine Familiar
   686 | D:2      | Found a glowing silver altar of Zin.
   692 | D:2      | You fall through a shaft!
   707 | D:3      | Noticed Ijyb
   723 | D:3      | Killed Ijyb
   913 | D:4      | Found a snail-covered altar of Cheibriados.
   926 | D:4      | Reached XP level 4. HP: 17/26 MP: 3/9
  1007 | D:5      | Entered Level 5 of the Dungeon
  1007 | D:5      | Noticed a bullfrog
  1012 | D:5      | Killed a bullfrog
  1012 | D:5      | Reached skill level 1 in Armour
  1027 | D:5      | Found Suroebam's Assorted Antiques.
  1030 | D:5      | Bought a scroll labeled QOATEN ROBODATS for 27 gold pieces
  1030 | D:5      | Bought a scroll labeled DIGOPUO ORIWU for 27 gold pieces
  1030 | D:5      | Bought a fuming silvery potion for 24 gold pieces
  1030 | D:5      | Gained mutation: Your spells are a little harder to cast, but a little more powerful. [potion of mutation]
  1030 | D:5      | Gained mutation: Your movements are slightly less encumbered by armour. (ER -2) [potion of mutation]
  1030 | D:5      | Gained mutation: You can translocate small distances at will. [potion of mutation]
  1053 | D:5      | Found an iron altar of Okawaru.
  1054 | D:5      | Noticed an ogre
  1078 | D:5      | Killed an ogre
  1078 | D:5      | Gained mutation: You can fly. [Tengu growth]
  1078 | D:5      | Reached XP level 5. HP: 28/30 MP: 6/10
  1129 | D:5      | Got a bloodstained hand axe
  1131 | D:5      | Identified the +3 hand axe "Mikhlioze" {freeze, Int-5 Dex+6 SInv} (You found it on level 5 of the Dungeon)
  1169 | D:6      | Reached skill level 1 in Throwing
  1198 | D:6      | Reached XP level 6. HP: 32/35 MP: 10/12
  1349 | D:6      | Learned a level 4 spell: Summon Lightning Spire
  1386 | D:6      | Noticed a sky beast
  1414 | D:6      | Killed a sky beast
  1414 | D:6      | Reached skill level 1 in Air Magic
  1441 | D:6      | Noticed Edmund
  1447 | D:6      | Noticed a sky beast
  1461 | D:6      | Killed a sky beast
  1478 | D:6      | Killed Edmund
  1478 | D:6      | Reached XP level 7. HP: 40/40 MP: 13/13
  1526 | D:6      | Found a staircase to the Ecumenical Temple.
  1534 | Temple   | Entered the Ecumenical Temple
  1561 | Temple   | Became a worshipper of Sif Muna the Loreminder
  1647 | D:7      | Learned a level 3 spell: Summon Guardian Golem
  1662 | D:7      | Got an amber-encrusted chain mail
  1822 | D:9      | Noticed a yak
  2052 | D:8      | Found a radiant altar of Vehumet.
  2053 | D:8      | Found a basalt altar of Yredelemnul.
  2078 | D:7      | Found Fufanek's Antique Armour Shoppe.
  2091 | D:7      | Identified the cursed +0 chain mail "Picw" {rPois rC+ Regen+} (You found it on level 7 of the Dungeon)
  2333 | D:5      | Noticed a dagger
  2333 | D:5      | Found a hide-covered altar of Uskayaw.
  2336 | D:5      | Noticed a dagger
  2355 | D:5      | Reached XP level 8. HP: 42/45 MP: 15/15
  2450 | D:5      | Reached skill level 1 in Axes
  2556 | D:5      | Reached skill level 1 in Evocations
  2685 | D:5      | Reached skill level 1 in Invocations
  2872 | D:5      | Reached skill level 5 in Armour
  3261 | D:6      | Reached * piety under Sif Muna
  3436 | D:9      | Found an opulent altar of Gozag.
  3476 | D:9      | Reached skill level 1 in Hexes
  3527 | D:9      | Noticed a yak
  3528 | D:9      | Noticed a yak
  3538 | D:9      | Killed a yak
  3639 | D:8      | Found Xidazaox's Gadget Emporium.
  3700 | D:8      | Reached skill level 6 in Summonings
  3700 | D:8      | Reached XP level 9. HP: 43/52 MP: 16/16
  3901 | D:8      | Found Fiyruck's Magic Scroll Emporium.
  3909 | D:8      | Bought a scroll of teleportation for 30 gold pieces
  3909 | D:8      | Bought a scroll of identify for 20 gold pieces
  3909 | D:8      | Bought a scroll of identify for 20 gold pieces
  3909 | D:8      | Bought a scroll of teleportation for 30 gold pieces
  3909 | D:8      | Bought 2 scrolls of identify for 40 gold pieces
  4016 | D:8      | Found Rutesop's Jewellery Boutique.
  4175 | D:9      | Reached skill level 1 in Polearms
  4242 | D:9      | Found a staircase to the Orcish Mines.
  4253 | D:9      | Found Seora's Weapon Shop.
  4266 | Orc:1    | Entered Level 1 of the Orcish Mines
  4358 | Orc:1    | Noticed a two-headed ogre
  4370 | Orc:1    | Killed a two-headed ogre
  4473 | Orc:1    | Noticed an orc sorcerer
  4480 | Orc:1    | Noticed a hellwing
  4500 | Orc:2    | Entered Level 2 of the Orcish Mines
  4505 | Orc:1    | Noticed an orc knight
  4521 | Orc:1    | Killed an orc knight
  4575 | Orc:1    | Reached skill level 5 in Dodging
  4575 | Orc:1    | Reached skill level 5 in Spellcasting
  4577 | Orc:1    | Reached ** piety under Sif Muna
  4588 | Orc:1    | Noticed an orc sorcerer
  4599 | Orc:1    | Killed an orc sorcerer
  4747 | Orc:1    | Reached skill level 7 in Summonings
  4949 | Orc:1    | Killed an orc sorcerer
  4949 | Orc:1    | Reached XP level 10. HP: 57/57 MP: 16/19
  4996 | Orc:1    | Noticed an oklob plant
  5036 | Orc:1    | Noticed an orc high priest
  5051 | Orc:1    | Killed an orc high priest
  5228 | Orc:1    | Killed an oklob plant
  5228 | Orc:1    | Reached *** piety under Sif Muna
  5691 | Orc:2    | Noticed an orc knight
  5714 | Orc:2    | Learned a level 4 spell: Summon Ice Beast
  5728 | Orc:2    | Killed an orc knight
  5810 | Orc:2    | Noticed a cyclops
  5826 | Orc:2    | Killed a cyclops
  5826 | Orc:2    | Reached skill level 8 in Summonings
  5913 | Orc:2    | Reached skill level 1 in Ice Magic
  5955 | Orc:2    | Noticed an orc high priest
  5958 | Orc:2    | Noticed a sixfirhy
  5964 | Orc:2    | Reached **** piety under Sif Muna
  6007 | Orc:2    | Reached skill level 1 in Crossbows
  6042 | Orc:2    | Noticed an orc sorcerer
  6052 | Orc:2    | Noticed a rust devil
  6056 | Orc:2    | Killed an orc sorcerer
  6056 | Orc:2    | Reached skill level 5 in Air Magic
  6156 | Orc:2    | Found a staircase to the Elven Halls.
  6225 | Orc:2    | Noticed an orc sorcerer
  6225 | Orc:2    | Noticed an orc sorcerer
  6245 | Orc:2    | Killed an orc sorcerer
  6245 | Orc:2    | Reached skill level 5 in Fighting
  6252 | Orc:2    | Killed an orc sorcerer
  6252 | Orc:2    | Reached XP level 11. HP: 63/63 MP: 21/21
  6384 | Orc:2    | Found a roughly hewn altar of Beogh.
  6403 | Orc:2    | Noticed an orc knight
  6405 | Orc:2    | Noticed an orc sorcerer
  6411 | Orc:2    | Killed an orc sorcerer
  6415 | Orc:2    | Killed an orc knight
  6493 | Orc:2    | Noticed an orc knight
  6493 | Orc:2    | Noticed an orc sorcerer
  6511 | Orc:2    | Killed an orc knight
  6516 | Orc:2    | Killed an orc sorcerer
  6526 | Orc:2    | Found Arrairasu's Antique Armour Emporium.
  6536 | Orc:2    | Found Yrarphoad's Distillery.
  6536 | Orc:2    | Noticed an orc knight
  6545 | Orc:2    | Killed an orc knight
  6551 | Orc:2    | Bought a potion of heal wounds for 75 gold pieces
  6551 | Orc:2    | Bought a potion of curing for 45 gold pieces
  6551 | Orc:2    | Bought a potion of ambrosia for 120 gold pieces
  6721 | Orc:2    | Noticed Saint Roka
  6785 | Orc:2    | Killed Saint Roka
  6785 | Orc:2    | Reached ***** piety under Sif Muna
  6785 | Orc:2    | Identified Sif Muna's Papyrus of Attacks and Enchantment (Sif Muna gifted it to you on level 2 of the Orcish Mines)
  6785 | Orc:2    | Received a gift from Sif Muna
  6785 | Orc:2    | Reached skill level 9 in Summonings
  6846 | Orc:2    | Learned a level 1 spell: Flame Tongue
  6985 | Orc:2    | Noticed an orc high priest
  7018 | Orc:2    | Killed an orc high priest
  7031 | Orc:2    | Noticed an orc high priest
  7044 | Orc:2    | Killed an orc high priest
  7083 | Orc:2    | Found Jofior's Jewellery Boutique.
  7097 | Orc:2    | Killed an orc high priest
  7097 | Orc:2    | Reached skill level 1 in Conjurations
  7125 | Orc:2    | Noticed an orc high priest
  7130 | Orc:2    | Noticed a sun demon
  7132 | Orc:2    | Killed an orc high priest
  7154 | Orc:2    | Found a roughly hewn altar of Beogh.
  7169 | Orc:2    | Found Ismua's Food Emporium.
  7297 | Elf:1    | Entered Level 1 of the Elven Halls
  7323 | Elf:1    | Noticed a deep elf mage
  7329 | Elf:1    | Killed a deep elf mage
  7362 | Elf:1    | Noticed a deep elf archer
  7362 | Elf:1    | Noticed a deep elf mage
  7362 | Elf:1    | Noticed a deep elf mage
  7363 | Elf:1    | Noticed a deep elf mage
  7368 | Elf:1    | Killed a deep elf archer
  7368 | Elf:1    | Killed a deep elf mage
  7368 | Elf:1    | Reached XP level 12. HP: 68/68 MP: 23/23
  7604 | Elf:1    | Noticed a deep elf knight
  7620 | Elf:1    | Killed a deep elf knight
  7657 | Elf:1    | Found Locol's Jewellery Emporium.
  7659 | Elf:1    | Found Lokin's Gadget Shop.
  7660 | Elf:1    | Found Vonolon's Jewellery Emporium.
  7812 | Elf:2    | Noticed a deep elf knight
  7812 | Elf:2    | Noticed a deep elf knight
  7864 | Elf:1    | Noticed Donald
  7886 | Elf:1    | Killed Donald
  8002 | Elf:1    | Noticed a short sword of holy wrath
  8012 | Elf:1    | Killed a short sword of holy wrath
  8012 | Elf:1    | Reached skill level 10 in Summonings
  8033 | Elf:1    | Noticed a deep elf annihilator
  8033 | Elf:1    | Noticed a deep elf knight
  8039 | Elf:1    | Killed from afar by a deep elf knight

Skill      XL: |  1  2  3  4  5  6  7  8  9 10 11 12 |
---------------+-------------------------------------+-----
Summonings     | 5 6 7 8 9 10 | 10.1
Fighting       | 1 2 3 4 5 |  5.8
Armour         | 2 3 5 6 7 |  7.0
Spellcasting   | 3 4 5 6 7 |  7.3
Throwing       | 1 2 3 |  3.4
Dodging        | 3 4 5 6 |  6.9
Air Magic      | 1 2 3 4 5 6 |  6.1
Axes           | 3 |  3.1
Evocations     | 1 2 3 4 |  4.6
Invocations    | 1 2 3 4 |  4.2
Hexes          | 1 2 3 |  3.4
Polearms       | 2 3 4 |  4.9
Ice Magic      | 1 3 |  3.2
Crossbows      | 2 3 |  3.2
Conjurations   | 1 2 |  2.7
Stealth        | |  2.0

Action                   |  1- 3 |  4- 6 |  7- 9 | 10-12 || total
-------------------------+-------+-------+-------+-------++-------
Melee: Unarmed           |     7 |       |       |       ||     7
       Club              |    15 |       |       |       ||    15
       Peck              |     4 |       |    50 |     8 ||    62
       Dagger            |    16 |     2 |       |       ||    18
       Kick              |     1 |     1 |    67 |     6 ||    75
       Hand axe          |       |       |   206 |    14 ||   220
       Dire flail        |       |       |     7 |       ||     7
       Spear             |       |       |    56 |    19 ||    75
       Trident           |       |       |       |    66 ||    66
       Halberd           |       |       |       |    19 ||    19
       Glaive            |       |       |       |     2 ||     2
 Fire: Hunting sling     |    11 |       |       |       ||    11
       Blowgun           |       |    21 |     6 |       ||    27
       Arbalest          |       |       |       |     3 ||     3
 Cast: Summon Small Mamm |    49 |    12 |     9 |     2 ||    72
       Call Imp          |     6 |     5 |    15 |    16 ||    42
       Call Canine Famil |     3 |     9 |    34 |    44 ||    90
       Summon Guardian G |       |       |    16 |    57 ||    73
       Summon Lightning  |       |       |    23 |    79 ||   102
       Summon Ice Beast  |       |       |       |     7 ||     7
 Abil: Blink             |       |       |     2 |     7 ||     9
       Fly               |       |       |     2 |     3 ||     5
Evoke: Wand              |       |       |    10 |     3 ||    13
  Use: Potion            |     4 |     3 |     7 |     3 ||    17
       Scroll            |     1 |     1 |    13 |     2 ||    17
 Stab: Sleeping          |     4 |       |     1 |       ||     5
       Paralysed         |       |       |     5 |       ||     5
       Distracted        |       |       |     3 |     6 ||     9
  Eat: Chunk             |     1 |     3 |    19 |    24 ||    47
       Fruit             |       |       |     1 |       ||     1
       Beef jerky        |       |       |     1 |     1 ||     2
Armor: Robe              |    22 |     4 |       |       ||    26
       Chain mail        |       |       |   120 |       ||   120
       Leather armour    |       |       |    11 |    14 ||    25
       Troll leather arm |       |       |       |     9 ||     9
Dodge: Dodged            |    61 |    12 |   129 |    79 ||   281
